 Dungeon Crawl Stone Soup version 0.27-a0-1281-ge233d83751 (webtiles) character file.

Game seed: 15799411701311591632

79 jimb0 the Chopper (level 4, -2/41 HPs)
             Began as a Minotaur Berserker on June 13, 2021.
             Was a Believer of Trog.
             Killed by nerve-wracking pain
             ... invoked by Grinder
              (3 damage)
             ... on level 4 of the Dungeon.
             The game lasted 00:07:36 (3090 turns).

jimb0 the Chopper (Minotaur Berserker)              Turns: 3090, Time: 00:07:37

Health: -2/41      AC:  8    Str: 23    XL:     4   Next: 17%
Magic:  3/3        EV:  8    Int:  4    God:    Trog [**....]
Gold:   108        SH:  0    Dex:  9    Spells: 3/3 levels left

rFire    . . .     SeeInvis .   s - +0 war axe
rCold    . . .     Faith    .   (no shield)
rNeg     . . .     Spirit   .   m - +0 chain mail
rPois    .         Reflect  .   (helmet restricted)
rElec    .         Harm     .   (no cloak)
rCorr    .         Rampage  .   (no gloves)
Will     .....                  (no boots)
Stlth    ..........             (no amulet)
HPRegen  0.13/turn              (no ring)
MPRegen  0.08/turn              (no ring)

@: on berserk cooldown, slowed, very slow
A: horns 2, retaliatory headbutt
a: Renounce Religion, Berserk, Trog's Hand


You were on level 4 of the Dungeon.
You worshipped Trog.
Trog was pleased with you.
You visited 1 branch of the dungeon, and saw 4 of its levels.

You collected 108 gold pieces.

Inventory:

Hand Weapons
 a - a +0 hand axe
 s - a +0 war axe (weapon)
Armour
 b - a +0 animal skin
 e - a +0 robe
 g - a +0 leather armour
 m - a +0 chain mail (worn)
Jewellery
 t - an amulet of faith
Wands
 p - a wand of iceblast (9)
Scrolls
 c - a scroll of blinking {unknown}
 f - a scroll of enchant armour {unknown}
 h - a scroll of immolation {unknown}
 k - 2 scrolls of identify {unknown}
 n - 2 scrolls of vulnerability {unknown}
 o - a scroll of noise {unknown}
 q - 4 scrolls of teleportation {unknown}
Potions
 d - a potion of haste {unknown}
 i - a potion of curing {unknown}
 j - a potion of ambrosia {unknown}
 l - a potion of flight {unknown}
 r - a potion of invisibility {unknown}


   Skills:
 + Level 4.4 Fighting
 * Level 5.2 Axes
 - Level 2.6 Armour
 - Level 2.4 Dodging


You had 3 spell levels left.
You didn't know any spells.
Your spell library was empty.

Dungeon Overview and Level Annotations

Branches:
Dungeon (4/15)
 Temple: D:4-7

Altars:
Uskayaw

Annotations:
D:4 Grinder


Innate Abilities, Weirdness & Mutations

You have a pair of horns on your head.
You reflexively headbutt those who attack you in melee.


Message History

You are too injured to fight recklessly!
You are too injured to fight recklessly!
You are too injured to fight recklessly!
A red film seems to cover your vision as you go berserk!
You feel yourself moving faster!
You feel mighty! Grinder hits you.
You are too injured to fight recklessly!
You are too injured to fight recklessly!
You are too injured to fight recklessly!
You are too injured to fight recklessly!
You slash Grinder!
Grinder is heavily wounded.
Grinder blinks!
You feel a strong urge to attack something.
You are too injured to fight recklessly!
You feel your anger nearly subside.
You are no longer berserk.
You are exhausted.
You feel yourself slow down. Grinder gestures at you.
Pain shoots through your body!
You barely miss Grinder.
Grinder is heavily wounded.
Grinder gestures at you. Pain shoots through your body!
* * * LOW HITPOINT WARNING * * *
Grinder closely misses you.
You hit Grinder but do no damage.
Grinder is heavily wounded.
Grinder barely misses you. Grinder hits you but does no damage.
You slash Grinder!
Grinder is almost dead.
Grinder hits you.
* * * LOW HITPOINT WARNING * * *
You writhe in agony.
* * * LOW HITPOINT WARNING * * *
You closely miss Grinder.
Grinder is almost dead.
Grinder says, "You look like you could use a good racking."
Grinder gestures at you. Pain shoots through your body!
You die...

###.# #.## ## ## ...##
#.## #.####.. ##.# #..#
#.#...# . #.#
##.######.....#..
##.######...............
.#...#......###.........
......†.................
#.....>.................
....###.....#...@.......
.......#....###..5..##..
...........## #....##
............# #...##
....####....# #...#
..### #........... ..#
............. .#
......##.... #


You could see Grinder.

Vanquished Creatures
  2 adders (D:3)
  2 dart slugs
  4 endoplasms
  2 giant cockroaches (D:1)
  A goblin (D:1)
  5 hobgoblins
  7 jackals
  9 kobolds
  3 quokkas
  8 ball pythons
  3 bats
  5 frilled lizards
  5 rats
  A bush (D:2)
57 creatures vanquished.

Vanquished Creatures (others)
  9 plants (D:2)
9 creatures vanquished.

Grand Total: 66 creatures vanquished

Notes
Turn   | Place    | Note
-------+----------+-------------------------------------------
     0 | D:1      | jimb0 the Minotaur Berserker began the quest for the Orb.
     0 | D:1      | Reached XP level 1. HP: 19/19 MP: 0/0
   428 | D:1      | Reached XP level 2. HP: 27/27 MP: 1/1
   579 | D:1      | Reached skill level 4 in Axes
  1691 | D:2      | Reached XP level 3. HP: 26/33 MP: 2/2
  1929 | D:2      | Reached ** piety under Trog
  2617 | D:3      | Found a hide-covered altar of Uskayaw.
  2644 | D:3      | Reached skill level 5 in Axes
  2681 | D:3      | Reached XP level 4. HP: 37/41 MP: 3/3
  3072 | D:4      | Noticed Grinder
  3072 | D:4      | Paralysed by Grinder for 7 turns
  3089 | D:4      | HP: 2/41 [Grinder (5)]
  3090 | D:4      | Killed from afar by Grinder

Illustrated notes

Levels and vault maps discovered:
D:1:      kilobyte_arrival_exit_the_forest, layout_basic
D:2:      layout_rooms, lexackson_kobold_supper
D:3:      layout_loops_ring, nicolae_uskayaw_murder_on_the_dancefloor,
          kennysheep_cluttered_room, kennysheep_generic_room_10
D:4:      gammafunk_cloud_chamber, layout_layer_cave, uniq_grinder

Skill      XL: |  1  2  3 |
---------------+----------+-----
Axes           | 4 5 |  5.2
Fighting       | 4 |  4.4
Armour         | |  2.6
Dodging        | |  2.4

Action                   |  1- 3 |  4- 6 || total
-------------------------+-------+-------++-------
Melee: Hand axe          |   144 |       ||   144
       Headbutt          |    46 |     2 ||    48
       War axe           |     7 |    15 ||    22
Invok: Berserk           |       |     1 ||     1
Armor: Animal skin       |     9 |       ||     9
       Chain mail        |    22 |     7 ||    29
       Leather armour    |     1 |       ||     1
Dodge: Dodged            |    45 |     5 ||    50

Table legend: (Time is in decaauts)
 A = Elapsed time spent in this place.
 B = Non-inter-level travel time spent in this place.
 C = Inter-level travel time spent in this place.
 D = Time resting spent in this place.
 E = Time spent auto-exploring this place.
 F = Levels seen in this place.
 G = Mean time per level.
                   A        B        C        D        E       F      G
               +--------+--------+--------+--------+--------+-----+--------+
         Total |   3117 |   2908 |    209 |      0 |   2531 |   4 |  779.2 |
       Dungeon |   3117 |   2908 |    209 |      0 |   2531 |   4 |  779.2 |
               +--------+--------+--------+--------+--------+-----+--------+

Top non-repeatable levels by time:
     D:1: 1670 daAuts
     D:3: 784 daAuts
     D:2: 575 daAuts
     D:4: 87 daAuts
